Map: Abyssal Reef LE

Players

Gilsaz

  • Race: Zerg Zerg
  • League: Gold
  • Spawn Location: 5:00

Yata - Winner!

  • Race: Zerg Zerg
  • League: Gold
  • Spawn Location: 11:00

VOD

Have the link to the VOD?

Description

Time

  • Played on: Sept. 10, 2017, 8:23 p.m.
  • Length: 11:31
Show
View Real Time Build Order
Export as new Build Order

Gilsaz Zerg 

Build Orders: Hatch First 

Get SALT Encoding   

  12  0:04  Drone  
  13  0:16  Overlord  
  13  0:25  Drone  
  14  0:36  Drone x2  
  14  0:38  Drone  
  17  0:57  Hatchery  
  17  0:58  Drone  
  17  1:18  Spawning Pool  
  17  1:20  Drone  
  17  1:23  Extractor  
  17  1:24  Drone  
  17  1:28  Drone  
  18  1:35  Drone  
  19  1:42  Overlord  
  19  1:56  Drone  
  20  2:07  Queen  
  22  2:10  Zergling x2  
  22  2:13  Queen  
  25  2:18  Drone x2  
  25  2:20  Drone  
  28  2:25  Drone  
  29  2:37  Zergling x4  
  29  2:42  Overlord  
  31  2:45  Metabolic Boost  
  31  2:51  Zergling x2  
  32  2:57  Zergling x2  
  33  3:06  Zergling x4  
  35  3:16  Zergling x4  
  37  3:21  Zergling x6  
  40  3:28  Evolution Chamber  
  38  3:46  Zergling x10  
  43  3:48  Overlord  
  43  3:49  Overlord x2  
  40  4:07  Zergling x2  
  40  4:08  Zergling x6  
  43  4:15  Zerg Melee Weapons Level 1  
  43  4:16  Baneling Nest  
  42  4:23  Overlord  
  42  4:24  Drone x4  
  42  4:25  Drone x2  
  48  4:37  Overlord  
  45  5:13  Baneling x2  
  45  5:14  Baneling  
  44  5:16  Drone x4  
  44  5:17  Drone x3  
  51  5:26  Roach Warren, Lair  
  38  5:45  Zergling x2  
  38  5:46  Zergling x14  
  46  5:52  Zergling x8  
  50  6:04  Spine Crawler  
  50  6:07  Spine Crawler  
  50  6:09  Spine Crawler  
  43  6:21  Baneling x2  
  43  6:23  Zergling x8  
  47  6:28  Queen  
  47  6:31  Roach x4  
  47  6:32  Roach x3  
  63  6:37  Drone  
  63  6:38  Extractor  
  63  6:39  Drone x3  
  66  6:53  Roach x2  
  69  7:19  Roach x6  
  69  7:20  Roach, Extractor x2  
  75  7:43  Roach x2  
  60  8:00  Roach x3  
  60  8:03  Zergling x8  
  70  8:18  Drone  
  70  8:19  Drone  
  63  8:42  Zergling x6  
  63  8:43  Zergling x4  
  66  8:51  Roach  
  66  8:52  Roach  
  70  9:00  Drone  
  70  9:01  Drone  
  72  9:08  Baneling x3  
  72  9:09  Baneling  
  72  9:11  Roach x2  
  72  9:14  Hatchery  
  72  9:15  Baneling  
  72  9:16  Baneling x3  
  70  9:31  Roach x4  
  74  9:44  Roach x2  
  60  10:09  Roach x4  
  66  10:15  Roach  
  66  10:16  Roach  
  62  10:32  Roach  
  62  10:33  Roach x5  
  74  10:54  Roach  
  74  10:55  Roach x3  
  64  11:12  Roach  
Show
View Real Time Build Order
Export as new Build Order

Yata Zerg - Winner!

Build Orders: Hatch First 

Get SALT Encoding   

  12  0:01  Drone  
  13  0:13  Overlord  
  13  0:19  Drone  
  14  0:32  Drone x2  
  17  0:35  Drone  
  17  0:56  Hatchery, Drone  
  17  1:00  Drone  
  18  1:11  Extractor  
  17  1:16  Spawning Pool  
  16  1:18  Drone  
  16  1:23  Drone  
  18  1:29  Drone  
  19  1:40  Overlord  
  19  1:52  Drone  
  21  2:01  Drone  
  21  2:03  Queen  
  21  2:08  Queen  
  25  2:13  Zergling x4  
  25  2:14  Metabolic Boost  
  27  2:20  Drone  
  28  2:24  Drone  
  29  2:37  Baneling Nest  
  28  2:45  Drone x4  
  28  2:50  Evolution Chamber  
  31  3:06  Drone x4  
  35  3:13  Overlord  
  35  3:14  Overlord  
  35  3:22  Zergling x2  
  36  3:32  Zergling x10  
  36  3:33  Zergling x2  
  42  3:47  Zergling x4  
  44  3:51  Zergling x2  
  45  4:00  Zergling x2  
  45  4:01  Zergling x2  
  43  4:10  Baneling x3  
  43  4:21  Zergling x8  
  47  4:39  Zergling x8  
  51  4:50  Lair  
  51  4:55  Roach Warren  
  49  5:10  Zergling x6  
  52  5:19  Baneling x3  
  52  5:20  Baneling  
  52  5:23  Overlord x3  
  52  5:25  Hatchery  
  52  5:26  Drone  
  41  5:44  Zergling x4  
  41  5:45  Zergling x4  
  45  5:51  Glial Reconstitution  
  45  5:54  Zerg Missile Weapons Level 1  
  45  5:57  Roach x3  
  46  6:12  Zergling x8  
  46  6:16  Roach x2  
  50  6:37  Baneling x2  
  50  6:43  Extractor  
  50  6:45  Drone x7  
  56  6:57  Roach  
  56  6:58  Roach  
  60  7:09  Drone x7  
  60  7:10  Queen  
  60  7:14  Roach  
  71  7:28  Roach x2  
  67  7:41  Roach  
  67  7:42  Roach  
  65  7:46  Zergling x14  
  65  7:47  Zergling x2  
  72  7:54  Roach  
  74  8:08  Drone x5  
  79  8:26  Roach  
  81  8:32  Queen  
  81  8:37  Roach x3  
  81  8:39  Overlord x3  
  80  8:46  Zerg Ground Armor Level 1  
  78  8:49  Roach  
  78  8:55  Extractor  
  79  8:58  Roach  
  79  8:59  Roach  
  79  9:01  Zergling x6  
  79  9:02  Zergling x14  
  89  9:36  Roach x5  
  89  9:37  Roach x3  
  105  9:39  Overlord x3  
  105  9:47  Overlord  
  105  9:48  Overlord x2  
  105  10:06  Roach x2  
  105  10:07  Roach x5  
  117  10:13  Zergling x2  
  117  10:14  Zergling x22  
  126  10:25  Drone x3  
  118  10:57  Roach x5  
  116  11:13  Zergling x12  
  116  11:14  Zergling x10  
Tags
 
League
GoldGold
Matchup
ZvZ
Race
Zerg
Replay Pack
Pack 1
Spawn Locations
Cross Positions
Add a new tag
Caveats
  • Supply blocks, unpowered buildings, or Contaminate may cause inaccurate times.
  • Supply counts are checked every 10 seconds.